 Dungeon Crawl Stone Soup version 0.23.2-33-g5129a83184 (webtiles) character file.

Game seed: 18213131566056026228

120 Ceapi the Sneak (level 4, -2/22 HPs)
             Began as a Spriggan Assassin on July 17, 2019.
             Slain by a phantom (6 damage)
             ... on level 4 of the Dungeon.
             The game lasted 00:13:21 (3418 turns).

Ceapi the Sneak (Spriggan Assassin)                 Turns: 3418, Time: 00:13:21

Health: -2/22      AC:  3    Str:  7    XL:     4   Next: 75%
Magic:  5/5        EV: 17    Int: 12    God:
Gold:   139        SH:  0    Dex: 18    Spells: 3/3 levels left

rFire    . . .     SeeInvis +   a - +2 dagger
rCold    . . .     Gourm    .   (shield restricted)
rNeg     . . .     Faith    .   c - +0 robe
rPois    .         Spirit   .   (helmet restricted)
rElec    .         Reflect  .   d - +0 cloak
rCorr    .         Harm     .   (gloves unavailable)
MR       .....                  (boots unavailable)
Stlth    ++++......             (no amulet)
HPRegen  0.07/turn              p - ring of see invisible
MPRegen  0.09/turn              (no ring)

@: very quick
A: very small, unfitting armour, see invisible, herbivore, speed 3, slow
metabolism 2
a: no special abilities


You were on level 4 of the Dungeon.
You were not hungry.

You visited 1 branch of the dungeon, and saw 4 of its levels.

You collected 139 gold pieces.

Inventory:

Hand Weapons
 a - a +2 dagger (weapon)
 b - a +0 blowgun
Missiles
 e - 5 poisoned needles
Armour
 c - a +0 robe (worn)
 d - a +0 cloak (worn)
Jewellery
 p - a ring of see invisible (left hand)
Wands
 f - a wand of flame (18)
Scrolls
 j - a scroll of teleportation {unknown}
 k - a scroll of fear {unknown}
 m - 3 scrolls of identify {unknown}
 n - a scroll of magic mapping {unknown}
 r - 2 scrolls of random uselessness {unknown}
 s - 3 scrolls of remove curse {unknown}
Potions
 h - a potion of heal wounds {unknown}
 i - 2 potions of curing {unknown}
 l - a potion of flight {unknown}
 o - a potion of haste {unknown}
 q - 2 potions of lignification {unknown}
 t - a potion of degeneration {unknown}
Comestibles
 g - 6 rations


   Skills:
 - Level 1.5 Fighting
 + Level 3.6 Short Blades
 + Level 3.3 Throwing
 - Level 1.5 Dodging
 + Level 7.2 Stealth


You had 3 spell levels left.
You didn't know any spells.
Your spell library was empty.

Dungeon Overview and Level Annotations

Branches:
Dungeon (4/15)
 Temple: D:4-7

Altars:
Nemelex Xobeh

Annotations:
D:3 Grinder, Natasha


Innate Abilities, Weirdness & Mutations

You are very small and have problems with some larger weapons.
You are too small for most types of armour.
You have supernaturally acute eyesight. (SInv)
You are a herbivore.
You cover ground extremely quickly.
You need to consume almost no food.


Message History

The phantom hits you.
You closely miss the phantom.
The phantom is lightly damaged.
The phantom hits you.
* * * LOW HITPOINT WARNING * * *
You hit the phantom.
The phantom is lightly damaged.
The phantom closely misses you.
You miss the phantom.
The phantom is lightly damaged.
You hit the phantom.
The phantom is lightly damaged.
The phantom barely misses you.
You barely miss the phantom.
The phantom is lightly damaged.
The phantom misses you.
You barely miss the phantom.
The phantom is lightly damaged.
The phantom hits you.
You die...

#+##....##.#
..#....##.#
#.#....'..#
#.#....####
#......#
##.....#
####.....#
#...W....#
#.##@#+###
####.##....#
#..........#
#......#...#
#......+.>.....
#......#.......
#......#.......
#......#......%
#..°...#.......


You could see a phantom.

Vanquished Creatures
  A howler monkey (D:2)
  A gnoll (D:2)
  2 adders (D:2)
  2 worms (D:2)
  An orc (D:3)
  6 bats
  3 giant cockroaches
  6 hobgoblins
  5 jackals
  5 kobolds
  4 quokkas (D:2)
  5 goblins
  7 rats
48 creatures vanquished.

Notes
Turn   | Place    | Note
-------+----------+-------------------------------------------
     0 | D:1      | Ceapi the Spriggan Assassin began the quest for the Orb.
     0 | D:1      | Reached XP level 1. HP: 10/10 MP: 2/2
   185 | D:1      | Reached skill level 6 in Stealth
   520 | D:1      | Reached XP level 2. HP: 14/14 MP: 3/3
  1740 | D:2      | Reached XP level 3. HP: 18/18 MP: 4/4
  2336 | D:2      | Reached skill level 7 in Stealth
  2336 | D:2      | Reached XP level 4. HP: 22/22 MP: 5/5
  3028 | D:3      | Found a sparkling altar of Nemelex Xobeh.
  3063 | D:3      | Noticed Grinder
  3146 | D:3      | Noticed Natasha
  3393 | D:4      | Noticed a phantom
  3418 | D:4      | Slain by a phantom

Skill      XL: |  1  2  3 |
---------------+----------+-----
Stealth        | 6 7 |  7.2
Short Blades   | 3 |  3.6
Throwing       | 3 |  3.3
Fighting       | |  1.5
Dodging        | |  1.5

Action                   |  1- 3 |  4- 6 || total
-------------------------+-------+-------++-------
Melee: Dagger            |   112 |    43 ||   155
 Fire: Blowgun           |    31 |     2 ||    33
 Stab: Sleeping          |    10 |     1 ||    11
Armor: Robe              |    17 |     4 ||    21
Dodge: Dodged            |    91 |    37 ||   128
